 Dungeon Crawl Stone Soup version 0.17-a0-755-g4391640 (webtiles) character file.

7271 barthelme the Nimble (level 10, -7/100 HPs)
             Began as a Troll Berserker on Apr 22, 2015.
             Was a Priest of Trog.
             Killed from afar by a necromancer (23 damage)
             ... with a bolt of fire
             ... on level 11 of the Dungeon.
             The game lasted 00:53:21 (9448 turns).

barthelme the Nimble (Troll Berserker)              Turns: 9448, Time: 00:53:24

Health: -7/100     AC:  9    Str: 33    XL:     10   Next: 89%
Magic:  9/9        EV: 13    Int:  3    God:    Trog [***...]
Gold:   506        SH:  0    Dex:  9    Spells: 0 memorised, 9 levels left

rFire  . . .     SeeInvis .     a - +2 mace
rCold  . . .     Clarity  .     b - +1 animal skin
rNeg   . . .     SustAb   .     (no shield)
rPois  .         Gourm    +     (helmet restricted)
rElec  .         Spirit   .     y - +2 cloak
rCorr  .         Warding  .     (gloves unavailable)
rMut   +         Stasis   .     (boots unavailable)
MR     .....                    E - amulet of resist mutation
Stlth  +.........               (no ring)
                                B - +3 ring of strength

@: exhausted, about to teleport, slowed, drained, very slow, not resistant to
hostile enchantments, very unstealthy
A: unfitting armour, claws 3, fast metabolism 3, gourmand, regeneration 2,
shaggy fur 1, tough skin 2
a: Burn Spellbooks, Berserk, Trog's Hand, Renounce Religion


You were on level 11 of the Dungeon.
You worshipped Trog.
Trog was most pleased with you.
You were very hungry.

You visited 2 branches of the dungeon, and saw 12 of its levels.
You also visited: Ossuary.

You collected 632 gold pieces.
You spent 126 gold pieces at shops.

Inventory:

Hand weapons
 a - a +2 mace (weapon)
Missiles
 H - 4 tomahawks (quivered)
Armour
 b - a +1 animal skin (worn)
 y - a +2 cloak (worn)
 M - a +0 large shield
Jewellery
 B - a +3 ring of strength (left claw)
 E - an amulet of resist mutation (around neck)
 K - an uncursed ring of protection from magic {unknown}
Magical devices
 F - a wand of random effects (25)
 G - a wand of random effects (24)
 I - a wand of confusion (22)
 J - a wand of magic darts (29)
 L - a wand of random effects (30)
Scrolls
 j - 3 scrolls of recharging
 k - 8 scrolls of remove curse
 t - a scroll of noise
 u - a scroll of magic mapping
 v - 2 scrolls of random uselessness
 C - a scroll of teleportation
Potions
 e - 2 potions of brilliance
 f - 2 potions of haste
 g - a potion of agility {unknown}
 h - a potion of cure mutation {unknown}
 i - a potion of resistance
 l - 2 potions of berserk rage {unknown}
 m - 2 potions of heal wounds
 n - 4 potions of might
 o - 6 potions of curing
 p - 2 potions of magic {unknown}
 r - a potion of restore abilities {unknown}
 x - 2 potions of mutation {unknown}
 z - 2 potions of poison {unknown}
 A - a potion of degeneration {unknown}
Comestibles
 c - 13 bread rations
 d - a beef jerky
 q - 6 meat rations
 s - a fruit
 w - 2 slices of pizza
 D - 2 royal jellies


   Skills:
 + Level 6.9(6.1) Fighting
 + Level 8.0(7.1) Maces & Flails
 + Level 10.8(9.9) Dodging
 - Level 0.1(0.0) Stealth


You had 9 spell levels left.
You didn't know any spells.

Dungeon Overview and Level Annotations

Branches:
Dungeon (11/15)            Temple (1/1) D:4            Lair (0/8) D:8
    Orc: D:9-12

Altars:
Ashenzari
Cheibriados
Dithmenos
Elyvilon
Fedhas
Gozag
Kikubaaqudgha
Makhleb
Nemelex Xobeh
Okawaru
Qazlal
Ru
Sif Muna
Trog
Vehumet
Xom
Yredelemnul
Zin
The Shining One

Shops:
D:5 [%

Annotations:
D:4 Robin


Innate Abilities, Weirdness & Mutations

You are too large for most types of armour.
You have claws for hands.
Your metabolism is lightning-fast.
You like to eat raw meat.
You heal very quickly.
You are covered in fur (AC +1).
You have very tough skin (AC +2).


Message History

Okay, then.
Unknown command.
As you read the scroll of teleportation, it crumbles to dust.
You feel strangely unstable.
The centaur zombie hits you but does no damage.
The hound skeleton barely misses you. Something hits you but does no damage.
The necrophage hits you but does no damage.
The wight hits you with an enchanted great sword!
* * * LOW HITPOINT WARNING * * *
You feel drained.
* * * LOW HITPOINT WARNING * * *
The hound skeleton completely misses you.
The necrophage hits you!
* * * LOW HITPOINT WARNING * * *
The hound skeleton bites you.
* * * LOW HITPOINT WARNING * * *
You hear some strange, mumbled words.
A bolt of fire appears from out of thin air!
The bolt of fire hits you!
You die...

#..# ##..# .#..# ....
###..## .Z.n/ ##WZ## .
#Zz.z# +# #..# #.#n@#.#
.###..# #..# .# #
..##..#
######..####...#
......# #............#
..###.####............#
...........############
#..##.####.#
.....<..##.#
#.....#.##.#


You could see 2 necrophages, a shadow, 2 wights, a giant frog zombie, a centaur
zombie and a hound skeleton.

Vanquished Creatures
  2 gargoyles (D:10)
  Grinder (D:5)
  Prince Ribbit (D:6)
  A spriggan (D:7)
  A deep elf mage (D:9)
  2 flying skulls (D:11)
  A hippogriff (D:11)
  Eustachio (D:5)
  2 ice beasts
  4 orc warriors
  2 sky beasts
  A wasp (D:10)
  5 ogres
  A phantom (D:7)
  A crocodile (D:8)
  A big kobold (D:7)
  A wyvern zombie (D:10)
  9 giant frogs
  2 water moccasin zombies (Ossuary)
  4 scorpions
  5 killer bees (D:9)
  3 crimson imps
  3 giant frog zombies
  A hound (D:5)
  A centaur skeleton (D:4)
  A centaur zombie (D:9)
  10 orc priests
  11 orc wizards
  Natasha (thrice) (D:2)
  5 worker ants
  3 iguanas
  A hound zombie (D:5)
  3 mummies
  8 gnolls
  3 shadow imps
  10 adders
  An adder zombie (Ossuary)
  2 adder skeletons (D:5)
  A worm (D:2)
  3 giant geckos
  35 orcs
  16 bats
  A bat skeleton (D:5)
  9 giant cockroaches
  5 gnoll zombies (Ossuary)
  11 goblins
  16 hobgoblins
  8 jackals (D:4)
  16 kobolds
  6 quokkas
  A giant gecko zombie (D:6)
  4 giant newts
  2 hobgoblin zombies (Ossuary)
  A jackal zombie (D:5)
  10 kobold zombies
  6 orc zombies (Ossuary)
  15 rats
  5 ballistomycetes (D:10)
288 creatures vanquished.

Vanquished Creatures (collateral kills)
  2 hydras
  A troll (D:10)
  A wyvern (D:9)
  A giant frog (D:9)
  3 killer bees (D:9)
  An orc priest (D:9)
  A worker ant (D:10)
  A jelly (D:9)
  2 orc wizards (D:9)
  An adder (D:9)
  2 orcs (D:9)
  A hobgoblin (D:9)
  A giant gecko zombie (D:9)
  A ballistomycete (D:10)
19 creatures vanquished.

Vanquished Creatures (others)
  An ogre (D:10)
  2 giant spores (D:10)
3 creatures vanquished.

Grand Total: 310 creatures vanquished

Notes
Turn   | Place    | Note
--------------------------------------------------------------
     0 | D:1      | barthelme, the Troll Berserker, began the quest for the Orb.
     0 | D:1      | Reached XP level 1. HP: 22/22 MP: 0/0
   174 | D:1      | Reached XP level 2. HP: 29/29 MP: 1/1
   692 | D:2      | Reached skill level 3 in Dodging
   717 | D:2      | Acquired Trog's second power
   717 | D:2      | Reached XP level 3. HP: 33/36 MP: 2/2
   727 | D:2      | Noticed Natasha
   742 | D:2      | Killed Natasha
   791 | D:2      | Noticed Natasha
   796 | D:2      | Killed Natasha
   863 | D:2      | Noticed Natasha
   866 | D:2      | Killed Natasha
   866 | D:2      | Reached XP level 4. HP: 34/44 MP: 3/3
   895 | D:2      | Found a sparkling altar of Nemelex Xobeh.
  1046 | D:2      | Found a glowing silver altar of Zin.
  1047 | D:2      | Found an opulent altar of Gozag.
  1207 | D:3      | Found a shattered altar of Ashenzari.
  1891 | D:3      | Noticed a giant frog
  1904 | D:3      | Killed a giant frog
  1904 | D:3      | Reached XP level 5. HP: 8/53 MP: 4/4
  1943 | D:4      | Noticed Robin
  2080 | D:4      | Reached skill level 4 in Dodging
  2228 | D:4      | Found a sand-covered staircase.
  2235 | Ossuary  | Entered an ossuary
  2322 | Ossuary  | Reached XP level 6. HP: 32/61 MP: 5/5
  2589 | D:4      | Found a staircase to the Ecumenical Temple.
  2595 | Temple   | Entered the Ecumenical Temple
  2868 | D:4      | Found a deep blue altar of Sif Muna.
  3185 | D:5      | Entered Level 5 of the Dungeon
  3232 | D:5      | Reached skill level 5 in Dodging
  3232 | D:5      | Reached XP level 7. HP: 70/70 MP: 6/6
  3319 | D:5      | Found Wic Ryuwk's Antique Armour Emporium.
  3322 | D:5      | Bought a runed cloak for 126 gold pieces
  3511 | D:5      | Noticed Grinder
  3536 | D:5      | Killed Grinder
  3646 | D:5      | Noticed Eustachio
  3665 | D:5      | Killed Eustachio
  3665 | D:5      | Reached skill level 5 in Maces & Flails
  3665 | D:5      | Reached skill level 6 in Dodging
  3665 | D:5      | Reached XP level 8. HP: 74/79 MP: 7/7
  3840 | D:5      | Found Isucrohibb's Food Shoppe.
  4302 | D:6      | Noticed Prince Ribbit
  4314 | D:6      | Killed Prince Ribbit
  4342 | D:6      | Reached skill level 7 in Dodging
  4415 | D:6      | Acquired Trog's third power
  4415 | D:6      | Reached skill level 5 in Fighting
  4761 | D:6      | Found a sacrificial altar of Ru.
  4953 | D:7      | Reached XP level 9. HP: 80/88 MP: 8/8
  5207 | D:7      | Found a glowing golden altar of the Shining One.
  5281 | D:7      | Reached skill level 8 in Dodging
  5856 | D:7      | Found a snail-covered altar of Cheibriados.
  6365 | D:8      | Reached skill level 9 in Dodging
  6803 | D:8      | Found a staircase to the Lair.
  7369 | D:9      | Reached XP level 10. HP: 82/98 MP: 9/9
  7396 | D:9      | Received a gift from Trog
  7825 | D:9      | Found a burning altar of Makhleb.
  7825 | D:9      | Noticed a cacodemon
  8074 | D:10     | Entered Level 10 of the Dungeon
  8324 | D:10     | Reached skill level 10 in Dodging
  8557 | D:10     | HP: 2/100 [worker ant (5)]
  8898 | D:10     | Noticed a four-headed hydra
  8904 | D:10     | Killed a four-headed hydra
  9205 | D:11     | Noticed a seven-headed hydra
  9214 | D:11     | Killed a seven-headed hydra
  9431 | D:11     | Noticed a necromancer
  9448 | D:11     | Killed from afar by a necromancer

Action                   |  1- 3 |  4- 6 |  7- 9 | 10-12 || total
-------------------------+-------+-------+-------+-------++-------
Melee: Mace              |    71 |   309 |   510 |   230 ||  1120
Throw: Tomahawk          |       |       |    43 |    16 ||    59
Invok: Berserk           |     1 |     4 |    16 |     8 ||    29
       Burn Spellbooks   |       |     1 |       |       ||     1
       Trog's Hand       |       |       |     3 |       ||     3
       Brothers in Arms  |       |       |       |     8 ||     8
  Use: Scroll            |       |    13 |     3 |     3 ||    19
       Potion            |       |       |     2 |     5 ||     7
 Stab: Sleeping          |       |     1 |       |       ||     1
  Eat: Chunk             |    10 |    12 |    62 |    23 ||   107
       Fruit             |       |     3 |       |       ||     3
       Bread ration      |       |     2 |       |       ||     2
